 Dungeon Crawl Stone Soup version 0.27-a0-70-g58928b186a (webtiles) character file.

Game seed: 7950754504903790289

33412 Morbidden the Archer (level 13, -9/72 HPs)
             Began as a Vine Stalker Hunter on Jan 10, 2021.
             Was an Initiate of Gozag.
             Mangled by a seven-headed hydra (14 damage)
             ... on level 5 of the Lair of Beasts.
             The game lasted 00:31:51 (15425 turns).

Morbidden the Archer (Vine Stalker Hunter)         Turns: 15425, Time: 00:31:52

Health: -9/72      AC: 14    Str: 15    XL:     13   Next: 70%
Magic:  0/45       EV: 15    Int: 20    God:    Gozag
Gold:   1443       SH:  0    Dex: 16    Spells: 25/28 levels left

rFire    . . .     SeeInvis .   a - +4 longbow (vorpal)
rCold    . . .     Faith    .   (shield currently unavailable)
rNeg     . . .     Spirit   +   r - +0 troll leather armour {Purgy}
rPois    .         Reflect  .   n - +3 hat of Pondering {ponderous, Will+ MP+10 Int+5}
rElec    .         Harm     .   D - +1 cloak {Will+}
rCorr    .         Rampage  .   w - +0 pair of gloves
Will     +++..                  z - +2 pair of boots
Stlth    +++++.....             i - amulet of Ethics {Regen+ Stlth+}
HPRegen  1.82/turn              E - ring of magical power
MPRegen  0.29/turn              T - +4 ring of slaying

@: studying Unarmed Combat, slow
A: fangs 3, regeneration 2, magic shield, antimagic bite, no potion heal 3
a: Renounce Religion, Potion Petition, Call Merchant, Bribe Branch


You were on level 5 of the Lair of Beasts.
You worshipped Gozag.
Gozag was most pleased with you.
You visited 3 branches of the dungeon, and saw 15 of its levels.
You also visited: Sewer.

You collected 4494 gold pieces.
You spent 703 gold pieces at shops.
You paid 2348 gold pieces to Gozag.

Inventory:

Hand Weapons
 a - a +4 vorpal longbow (weapon)
 b - a +2 demon blade of electrocution
 e - a +0 dagger of venom
Missiles
 d - 224 arrows (quivered ammo)
 F - 2 javelins
 I - 6 curare-tipped darts
 O - 2 throwing nets
 P - 4 silver javelins
Armour
 n - the +3 hat of Pondering (worn) {ponderous, Will+ MP+10 Int+5}
   (You bought it in a shop on level 1 of the Lair of Beasts)

   It affects your intelligence (+5).
   It affects your willpower, your defense against some magical effects.
   It affects your magic capacity (+10).
 r - a +0 troll leather armour (worn) {Purgy}
 w - a +0 pair of gloves (worn)
 z - a +2 pair of boots (worn)
 D - a +1 cloak of willpower (worn)
Jewellery
 i - the amulet of Ethics (around neck) {Regen+ Stlth+}
   (You bought it in a shop on level 6 of the Dungeon)

   [amulet of regeneration]

   It increases your rate of regeneration.
   It makes you more stealthy.
 E - a ring of magical power (left hand)
 J - a +6 ring of intelligence
 N - a +6 ring of dexterity
 T - a +4 ring of slaying (right hand)
 U - an uncursed ring of fire
Wands
 h - a wand of enslavement (4)
 s - a wand of digging (4)
 y - a wand of iceblast (21)
 Q - a wand of acid (10)
 R - a wand of paralysis (8)
Scrolls
 g - a scroll of enchant weapon {unknown}
 j - 3 scrolls of blinking {unknown}
 u - 3 scrolls of random uselessness {unknown}
 A - 3 scrolls of enchant armour
 G - 2 scrolls of brand weapon {unknown}
 H - 4 scrolls of remove curse
 L - a scroll of teleportation
 M - 2 scrolls of immolation {unknown}
 S - a scroll of magic mapping
 V - 3 scrolls of identify
 W - 2 scrolls of noise {unknown}
Potions
 c - 4 potions of curing
 f - 3 potions of lignification
 l - a potion of invisibility {unknown}
 m - 3 potions of flight
 o - 2 potions of brilliance
 p - a potion of magic {unknown}
 q - 4 potions of heal wounds {unknown}
 t - 3 potions of degeneration
 v - a potion of might {unknown}
 x - a potion of cancellation {unknown}
 B - 8 potions of ambrosia {unknown}
 C - a potion of haste {unknown}
 K - a potion of attraction {unknown}
Books
 k - a manual of Unarmed Combat


   Skills:
 * Level 9.8 Fighting
 + Level 0.9 Short Blades
 + Level 12.0 Bows
 + Level 0.1 Throwing
 + Level 4.2 Armour
 * Level 6.0 Dodging
 * Level 7.7 Stealth
 + Level 7.1 Unarmed Combat
 * Level 8.4 Spellcasting
 * Level 7.9 Necromancy
 + Level 0.4 Evocations


You had 25 spell levels left.
You knew the following spells:

 Your Spells              Type           Power        Failure   Level
a - Vampiric Draining     Necr           20%          1%          3

Your spell library contained the following spells:

 Spells                   Type           Power        Failure   Level
 Animate Skeleton         Necr           80%          1%          1
 Pain                     Necr           100%         1%          1
 Animate Dead             Necr           20%          3%          4
 Agony                    Necr           40%          11%         5
 Poisonous Vapours        Pois/Air       16%          16%         2
 Conjure Flame            Conj/Fire      8%           30%         3
 Mephitic Cloud           Conj/Pois/Air  8%           30%         3
 Freezing Cloud           Conj/Ice/Air   4%           100%        6


Dungeon Overview and Level Annotations

Branches:
Dungeon (9/15)             Temple (0/1) D:7            Lair (5/6) D:8
 Shoals (0/4) Lair:3        Snake (1/4) Lair:4          Orc (0/2) D:9
  Sewer (visited)
  Slime: Lair:5-6

Altars:
Dithmenos
Gozag
Hepliaklqana
Kikubaaqudgha
Makhleb
Nemelex Xobeh
Sif Muna
The Shining One

Shops:
D:6 *   D:7 ?(((   Lair:1 ([[


Innate Abilities, Weirdness & Mutations

You have razor-sharp teeth.
You heal very quickly.
When hurt, damage is shared between your health and your magic reserves.
Your bite disrupts and absorbs the magic of your enemies.
Potions cannot restore your health.


Message History

The seven-headed hydra bites you!
* * * LOW HITPOINT WARNING * * *
The seven-headed hydra bites you but does no damage.
The seven-headed hydra barely misses you.
The seven-headed hydra bites you.
* * * LOW HITPOINT WARNING * * *
Fire: 225 arrows
Press: ? - help, Q - select action, (/) - cycle Shift-Dir - straight line, f/p - seven-headed hydra
Aim: a seven-headed hydra (severely wounded)
You shoot an arrow. The arrow hits the seven-headed hydra!!
The seven-headed hydra is almost dead.
The blink frog blinks!
The seven-headed hydra bites you but does no damage. x2
The seven-headed hydra closely misses you. x2
The seven-headed hydra bites you.
* * * LOW HITPOINT WARNING * * *
The seven-headed hydra bites you but does no damage.
The seven-headed hydra bites you!
You die...
Your body crumbles into a pile of gold.

......<..# ..........
#.###....# ## .(.......
#....# #§.....(.... ##...P#
#.#(..F..P# #.....### #.$..P#
##......# ##...##
#......####.....#
#.#......###D..###
####.....#.#@..#.####.
##.F.....F.........
#.#.......$....(.. #
##..#...§.........# ####
###.##.....##PP... ... .#
##......## #...# ####. ...##
###...##.## ##.# #....
....P###.....###.###P.####...
.....#.#.#...###.###.#......


You could see a seven-headed hydra and 3 blink frogs.

Vanquished Creatures
  A hydra (Lair:3)
  A catoblepas (Lair:5)
  A queen ant (Lair:2)
  9 death yaks
  Nergalle (Lair:4)
  Maurice (D:9)
  8 elephants
  3 merfolk sirens (Lair:3)
  2 black mambas
  8 polar bears
  A torpor snail (Lair:4)
  5 cane toads
  2 rime drakes
  4 komodo dragons
  A merfolk (Lair:3)
  A queen bee (Lair:2)
  Prince Ribbit (D:6)
  4 blink frogs
  23 yaks
  2 wyverns
  4 basilisks
  Grum (Lair:1)
  Menkaure (D:6)
  18 soldier ants (Lair:2)
  3 nagas (Lair:4)
  Purgy (Sewer)
  6 water moccasins
  An orc warrior (D:7)
  4 sky beasts
  A black bear (D:8)
  5 phantoms
  4 ice beasts
  5 centaurs
  2 ogres
  6 wolves
  3 big kobolds
  A gnoll sergeant (D:8)
  7 bullfrogs
  A water moccasin zombie (D:7)
  A hornet simulacrum (D:9)
  2 scorpions
  29 killer bees
  3 electric eels (D:9)
  A centaur zombie (D:5)
  A quasit (D:7)
  5 hounds
  3 orc wizards
  3 centaur skeletons
  3 orc priests
  2 bullfrog skeletons
  Crazy Yiuf (D:6)
  An iguana (D:6)
  26 worker ants
  A hound zombie (D:8)
  A hound skeleton (D:6)
  2 worker ant zombies (D:8)
  Robin (D:2)
  7 gnolls
  14 adders
  2 shadow imps
  5 white imps
  7 ufetubi
  An ooze (D:3)
  An adder skeleton (D:7)
  2 worms
  3 dart slugs
  An adder simulacrum (D:9)
  8 leopard geckos
  25 orcs
  12 giant cockroaches
  13 goblins
  11 hobgoblins
  4 jackals
  4 quokkas
  A ball python (Sewer)
  A ball python skeleton (D:4)
  5 bats
  7 frilled lizards
  24 kobolds
  2 quokka skeletons
  6 rats
405 creatures vanquished.

Vanquished Creatures (collateral kills)
  A centaur (D:9)
  A yak (D:9)
  A soldier ant (Lair:2)
  A black bear (D:9)
  An adder (D:9)
  A white imp (D:9)
  An adder simulacrum (D:9)
7 creatures vanquished.

Vanquished Creatures (others)
  A two-headed ogre (D:9)
  A blink frog (Lair:5)
  A soldier ant (Lair:2)
  12 fungi
  19 plants
34 creatures vanquished.

Grand Total: 446 creatures vanquished

Notes
Turn   | Place    | Note
-------+----------+-------------------------------------------
     0 | D:1      | Morbidden the Vine Stalker Hunter began the quest for the
                  | Orb.
     0 | D:1      | Reached XP level 1. HP: 11/11 MP: 2/2
    46 | D:1      | Reached XP level 2. HP: 10/15 MP: 1/3
   218 | D:1      | Reached skill level 4 in Bows
   382 | D:1      | Reached skill level 1 in Spellcasting
   382 | D:1      | Reached XP level 3. HP: 18/18 MP: 5/5
   791 | D:2      | Noticed Robin
  1217 | D:2      | Gained mutation: Your natural rate of healing is unusually
                  | fast. [Vine Stalker growth]
  1217 | D:2      | Reached XP level 4. HP: 18/23 MP: 5/7
  1284 | D:2      | Found a glowing golden altar of the Shining One.
  1284 | D:2      | Found a burning altar of Makhleb.
  1469 | D:2      | Reached XP level 5. HP: 18/27 MP: 6/8
  1487 | D:2      | Found an ancient bone altar of Kikubaaqudgha.
  1514 | D:2      | Killed Robin
  1741 | D:2      | Found a hazy altar of Hepliaklqana.
  1938 | D:3      | Found a glowing drain.
  1943 | Sewer    | Entered a sewer
  2057 | Sewer    | Noticed Purgy
  2077 | Sewer    | Killed Purgy
  2078 | Sewer    | Reached skill level 1 in Armour
  2078 | Sewer    | Reached XP level 6. HP: 19/32 MP: 8/10
  2757 | D:3      | Found an opulent altar of Gozag.
  2761 | D:3      | Became a worshipper of Gozag Ym Sagoz the Greedy
  3213 | D:4      | Reached skill level 5 in Bows
  3555 | D:4      | Noticed a phantom
  3568 | D:4      | Killed a phantom
  3569 | D:4      | Reached XP level 7. HP: 36/36 MP: 11/11
  3852 | D:5      | Entered Level 5 of the Dungeon
  3962 | D:5      | Reached skill level 6 in Bows
  4249 | D:5      | Gained mutation: You have razor-sharp teeth. [Vine Stalker
                  | growth]
  4249 | D:5      | Reached XP level 8. HP: 38/42 MP: 11/13
  4363 | D:5      | Learned a level 3 spell: Vampiric Draining
  4525 | D:6      | Reached skill level 1 in Necromancy
  4535 | D:6      | Noticed Prince Ribbit
  4557 | D:6      | Killed Prince Ribbit
  4558 | D:6      | Reached skill level 7 in Bows
  4820 | D:6      | Reached skill level 5 in Fighting
  4935 | D:6      | Found a runed translucent door.
  4936 | D:6      | Noticed Crazy Yiuf
  4985 | D:6      | Reached XP level 9. HP: 43/47 MP: 13/16
  5312 | D:6      | Found Bostrokh's Assorted Antiques.
  5318 | D:6      | Bought a sparkling zirconium amulet for 135 gold pieces
  5318 | D:6      | Identified the amulet of Ethics {Regen+ Stlth+} (You bought
                  | it in a shop on level 6 of the Dungeon)
  5434 | D:6      | Noticed Menkaure
  5457 | D:6      | Killed Menkaure
  5645 | D:6      | Killed Crazy Yiuf
  5846 | D:7      | Reached skill level 1 in Unarmed Combat
  5923 | D:7      | Found Osiki's Weapon Shop.
  6005 | D:7      | Found Hyahoij's Antique Weapon Shoppe.
  6042 | D:7      | Bought a runed longbow for 187 gold pieces
  6210 | D:7      | Found Jonotioj's Weapon Shop.
  6250 | D:7      | Found Gyty's Magic Scroll Shoppe.
  6342 | D:7      | Found a staircase to the Ecumenical Temple.
  6364 | D:7      | Reached skill level 8 in Bows
  6511 | D:7      | Reached skill level 5 in Spellcasting
  6692 | D:7      | You fall into a shaft and drop 2 floors!
  6694 | D:9      | Noticed a polar bear
  6748 | D:9      | Noticed a two-headed ogre
  6768 | D:9      | Reached XP level 10. HP: 53/53 MP: 18/18
  6820 | D:9      | Killed a polar bear
  7241 | D:9      | Reached skill level 9 in Bows
  7408 | D:9      | Found a staircase to the Orcish Mines.
  7471 | D:9      | Found a sparkling altar of Nemelex Xobeh.
  7473 | D:9      | Noticed Maurice
  7481 | D:9      | Killed Maurice
  7593 | D:9      | Found a shimmering blue altar of Sif Muna.
  8165 | D:8      | Found a shadowy altar of Dithmenos.
  8459 | D:8      | Found a staircase to the Lair.
  8462 | D:8      | Reached XP level 11. HP: 59/59 MP: 20/20
  8472 | D:8      | Reached skill level 5 in Necromancy
  9167 | D:8      | Identified the cursed +0 robe of Dust Devil {rElec rN+
                  | Int-3 Dex+5} (You found it on level 8 of the Dungeon)
  9187 | Lair:1   | Entered Level 1 of the Lair of Beasts
  9205 | Lair:1   | Reached skill level 10 in Bows
 10224 | Lair:1   | Noticed Grum
 10231 | Lair:1   | Killed Grum
 10830 | Lair:2   | Reached skill level 5 in Stealth
 11059 | Lair:2   | HP: 3/60 [poisoned by a soldier ant]
 11098 | Lair:2   | Gained mutation: You heal very quickly. [Vine Stalker
                  | growth]
 11098 | Lair:2   | Reached XP level 12. HP: 61/65 MP: 21/23
 11197 | Lair:2   | Noticed a queen ant
 11215 | Lair:2   | Killed a queen ant
 11402 | Lair:2   | Reached skill level 11 in Bows
 11872 | Lair:2   | Reached skill level 5 in Dodging
 12483 | Lair:3   | Found a staircase to the Shoals.
 12758 | Lair:3   | Noticed an eight-headed hydra
 12763 | Lair:3   | Killed an eight-headed hydra
 13256 | Lair:4   | Found a staircase to the Snake Pit.
 13389 | Lair:1   | Bought the +3 hat of Pondering {ponderous, Will+ MP+10
                  | Int+5} for 381 gold pieces
 13389 | Lair:1   | Found the +3 hat of Pondering {ponderous, Will+ MP+10
                  | Int+5}
 13523 | Lair:4   | Identified a scroll of acquirement
 13523 | Lair:4   | Acquired 724 gold pieces
 13547 | Lair:4   | Reached XP level 13. HP: 70/70 MP: 25/25
 13736 | Lair:4   | Reached skill level 5 in Unarmed Combat
 14071 | Lair:4   | Noticed Nergalle
 14078 | Lair:4   | Killed Nergalle
 14835 | Snake:1  | Entered Level 1 of the Snake Pit
 14950 | Lair:5   | Reached skill level 12 in Bows
 14956 | Lair:5   | HP: 2/71 [death yak (5)]
 15425 | Lair:5   | Mangled by a seven-headed hydra

Illustrated notes

Levels and vault maps discovered:
D:1:      kennysheep_arrival_seaside, layout_basic
D:2:      layout_rooms, nzn_hepliaklqana_mist_gate,
          gammafunk_temple_overflow_statue, kiku_gazebo_pond_becter, uniq_robin
D:3:      layout_basic, marbit_many_paths, portal_sewer_entry_e
D:4:      layout_cave_pools, chequers_serial_rivers_micro_e, minmay_misc_feat_x
D:5:      layout_rooms
D:6:      layout_loops_ring, serial_shops, nicolae_shop_overgrown_old_shop,
          minmay_manual_mail, uniq_prince_ribbit1, uniq_crazy_yiuf_cottage,
          uniq_menkaure
D:7:      layout_basic, minmay_temple_entry_statues_pillars, serial_shops, shop,
          shop, shop, nicolae_shop_waterfront
D:8:      layout_loops_corners, nicolae_overflow_hidden_temple,
          david_lair_generic
D:9:      layout_long_grid, nemelex_xobeh_ov_fountains_minmay, led_sif_pool,
          orc_0_dummy, serial_ice, serial_ice_m, serial_ice_c, serial_ice_n,
          serial_ice_i, serial_ice_a, serial_ice_f, serial_ice_e, serial_ice_o,
          serial_ice_g, serial_ice_h, dk_noncrumbling_4, uniq_maurice
Lair:1:   layout_small_grid, chequers_serial_rivers_small_b,
          cheibrodos_lair_lostbears, lemuel_fruit_tree, uniq_grum
Lair:2:   layout_small_grid, special_room [special_room_bee], minmay_holes,
          ldierk_geyser, minivault_29, infiniplex_staircase_pool_2
Lair:3:   layout_regular_city, elwin_shoals_entry_stream,
          chequers_serial_rivers_small_b
Lair:4:   layout_cave_pods, guppyfry_snake_entry_garden, beast_lair_carwin_11,
          infiniplex_staircase_pool, uniq_nergalle
Lair:5:   layout_concentric_octagons, basic_altar
Snake:1:  layout_misc_corridors, minmay_shop_grove

Skill      XL: |  1  2  3  4  5  6  7  8  9 10 11 12 13 |
---------------+----------------------------------------+-----
Fighting       | 2 3 4 5 6 7 8 9 |  9.8
Bows           | 4 5 6 7 8 9 10 11 12 | 12.0
Spellcasting   | 1 2 3 4 5 7 8 |  8.4
Armour         | 1 2 3 4 |  4.2
Dodging        | 2 3 4 5 6 |  6.0
Necromancy     | 2 3 4 6 7 |  7.9
Unarmed Combat | 1 4 7 |  7.1
Stealth        | 2 5 6 7 |  7.7
Short Blades   | |  0.9
Throwing       | |  0.1
Evocations     | |  0.4

Action                   |  1- 3 |  4- 6 |  7- 9 | 10-12 | 13-15 || total
-------------------------+-------+-------+-------+-------+-------++-------
Melee: Short sword       |       |     2 |       |       |       ||     2
       Dagger            |       |    81 |    35 |       |       ||   116
       Bite              |       |    25 |    31 |    24 |    16 ||    96
       Unarmed           |       |       |    70 |    57 |    48 ||   175
       Punch             |       |       |       |     1 |     4 ||     5
 Fire: Shortbow          |    84 |   132 |   286 |       |       ||   502
       Longbow           |       |       |    83 |   697 |   137 ||   917
Throw: Javelin           |       |     6 |       |       |       ||     6
 Cast: Vampiric Draining |       |       |       |    19 |    28 ||    47
Invok: Call Merchant     |       |       |       |     3 |       ||     3
Evoke: Wand              |       |       |     2 |     3 |     3 ||     8
  Use: Scroll            |       |     6 |     4 |    11 |     2 ||    23
       Potion            |       |     1 |       |     1 |     2 ||     4
 Stab: Sleeping          |       |       |     1 |       |       ||     1
Armor: Leather armour    |     6 |    40 |       |       |       ||    46
       Troll leather arm |       |    14 |   113 |   146 |    40 ||   313
       Skin              |       |       |       |       |     9 ||     9
Dodge: Dodged            |    23 |   160 |   229 |   317 |    89 ||   818

Table legend: (Time is in decaauts)
 A = Elapsed time spent in this place.
 B = Non-inter-level travel time spent in this place.
 C = Inter-level travel time spent in this place.
 D = Time resting spent in this place.
 E = Time spent auto-exploring this place.
 F = Levels seen in this place.
 G = Mean time per level.
                   A        B        C        D        E       F      G
               +--------+--------+--------+--------+--------+-----+--------+
         Total |  15758 |  15091 |    667 |    971 |  10703 |  16 |  984.9 |
       Dungeon |   9060 |   8771 |    289 |    750 |   5884 |   9 | 1006.7 |
          Lair |   6395 |   6017 |    378 |    221 |   4653 |   5 | 1279.0 |
     Snake Pit |      3 |      3 |      0 |      0 |      0 |   1 |    3.0 |
         Sewer |    299 |    299 |      0 |      0 |    165 |   1 |  299.0 |
               +--------+--------+--------+--------+--------+-----+--------+

Top non-repeatable levels by time:
  Lair:2: 1715 daAuts
  Lair:1: 1677 daAuts
     D:9: 1531 daAuts
  Lair:4: 1493 daAuts
     D:6: 1208 daAuts
     D:1: 1139 daAuts
     D:8: 1080 daAuts
     D:3: 1024 daAuts
     D:7: 1004 daAuts
  Lair:3: 928 daAuts
     D:2: 776 daAuts
     D:4: 668 daAuts
     D:5: 626 daAuts
  Lair:5: 580 daAuts
   Sewer: 299 daAuts
